 Dungeon Crawl Stone Soup version 0.30-a0-782-ge64f9170bb (webtiles) character file.

Game seed: 10202251880063567049

157854 dialectric the Fighter (level 17, -8/126 HPs)
             Began as a Demonspawn Fighter on Feb 17, 2023.
             Was the Champion of Okawaru.
             Mangled by a redback (13 damage)
             ... on level 1 of the Spider Nest on Feb 18, 2023.
             The game lasted 01:45:40 (37186 turns).

dialectric the Fighter (Demonspawn Fighter)        Turns: 37186, Time: 01:45:41

Health: -8/126     AC:  9    Str: 31    XL:     17   Next: 13%
Magic:  30/30      EV: 19    Int: 11    God:    Okawaru [******]
Gold:   3287       SH:  8    Dex: 14    Spells: 26/34 levels left

rFire   . . .      SeeInvis +    J - +5 demon blade (drain)
rCold   . . .      Faith    .    A - +2 buckler
rNeg    . . .      Spirit   .    m - +3 shadow dragon scales
rPois   +          Reflect  .    (helmet unavailable)
rElec   +          Harm     .    d - +2 cloak {Stlth+}
rCorr   .          Rampage  .    q - +2 pair of gloves {Str+3}
Will    ++...      Clarity  +    a - +2 pair of boots of the City {Will+ Slay+2}
Stlth   +++++                    s - amulet of Setudita {Acrobat rElec rPois SInv}
HPRegen 0.41/turn                y - +6 ring of strength
MPRegen 0.22/turn                w - +5 ring of evasion

@: lethally poisoned (-8 -> -32), corroded
A: antennae 3, powered by death 3, powered by pain 2, sharp scales 2, clarity,
frail 1, wild magic 1
a: Renounce Religion, Heroism, Finesse, Duel


You were on level 1 of the Spider Nest.
You worshipped Okawaru.
Okawaru was exalted by your worship.
You visited 6 branches of the dungeon, and saw 29 of its levels.
You also visited: Ice Cave.

You collected 4778 gold pieces.
You spent 1491 gold pieces at shops.

Inventory:

Hand Weapons
 c - the +7 eveningstar of the Owl {venom, Will+ Dex+2}
   (Okawaru gifted it to you on level 5 of the Lair of Beasts)

   Dex:       It affects your dexterity (+2).
   Will:      It increases your willpower.
 C - a +6 quick blade of draining
 J - a +5 demon blade of draining (weapon)
Missiles
 E - a throwing net
 G - 8 atropa-tipped darts
 P - a curare-tipped dart
Armour
 a - the +2 pair of boots of the City (worn) {Will+ Slay+2}
   (Okawaru gifted it to you on level 2 of the Lair of Beasts)

   Slay:      It affects your accuracy & damage with ranged weapons and melee
   (+2).
   Will:      It increases your willpower.
 d - a +2 cloak of stealth (worn)
 m - +3 shadow dragon scales (worn)
 q - a +2 pair of gloves of strength (worn)
 A - a +2 buckler (worn)
 H - a +0 pair of gloves of dexterity
Jewellery
 g - a +4 ring of protection
 h - a +6 ring of dexterity
 s - the amulet of Setudita (around neck) {Acrobat rElec rPois SInv}
   (You found it on level 1 of the Shoals)

   [amulet of the acrobat]

   It increases your evasion while moving and waiting.
   rElec:     It insulates you from electricity.
   rPois:     It protects you from poison.
   SInv:      It lets you see invisible.
 u - the ring of Buhiwk {rC+ rCorr MP+9 Int+3}
   (You acquired it on level 2 of the Orcish Mines)

   [ring of protection from cold]

   Int:       It affects your intelligence (+3).
   rC:        It protects you from cold.
   MP:        It affects your magic capacity (+9).
   rCorr:     It protects you from acid and corrosion.
 w - a +5 ring of evasion (right hand)
 y - a +6 ring of strength (left hand)
 I - a +6 ring of dexterity
 R - a +4 ring of slaying
Wands
 k - a wand of roots (9)
 D - a wand of polymorph (15)
 O - a wand of flame (17) (quivered)
 S - a wand of acid (2)
Scrolls
 b - 3 scrolls of torment
 f - 22 scrolls of identify
 i - 2 scrolls of teleportation
 j - 3 scrolls of immolation
 v - 2 scrolls of amnesia
 z - 3 scrolls of fog
 B - 3 scrolls of butterflies
 T - a scroll of brand weapon
 U - a scroll of silence
Potions
 e - 3 potions of curing
 n - 2 potions of cancellation
 o - 4 potions of magic
 p - 3 potions of might
 t - 7 potions of brilliance
 F - a potion of berserk rage
 K - a potion of resistance
 L - 3 potions of flight
 M - 3 potions of haste
 N - 5 potions of ambrosia
Miscellaneous
 x - a box of beasts
 Q - a piece from Xom's chessboard (15/15)


   Skills:
 + Level 14.5 Fighting
 - Level 11.2(11.4) Short Blades
 - Level 2.5(7.6) Long Blades
 - Level 0.2(0.6) Axes
 - Level 0.2(0.6) Maces & Flails
 - Level 0.6(0.9) Polearms
 - Level 0.6(1.0) Staves
 - Level 4.2 Ranged Weapons
 * Level 12.6 Armour
 + Level 12.3 Dodging
 + Level 5.6 Stealth
 - Level 9.2 Shields
 - Level 0.3 Unarmed Combat
 + Level 9.0 Spellcasting
 * Level 3.4 Conjurations
 - Level 0.4 Hexes
 - Level 0.6 Summonings
 - Level 0.3 Translocations
 - Level 0.3 Transmutations
 - Level 0.3 Fire Magic
 - Level 0.4 Ice Magic
 + Level 5.0 Air Magic
 - Level 0.3 Earth Magic
 - Level 0.4 Poison Magic
 - Level 5.0 Invocations
 - Level 4.1 Evocations


You had 26 spell levels left.
You knew the following spells:

 Your Spells              Type           Power      Damage    Failure   Level
a - Swiftness             Air            20%        N/A       30%         3
b - Lightning Bolt        Conj/Air       9%         1d21      98%         5

Your spell library contained the following spells:

 Spells                   Type           Power      Damage    Failure   Level
 Shock                    Conj/Air       72%        1d7       16%         1
 Static Discharge         Conj/Air       36%        2-4/arc   22%         2
 Foxfire                  Conj/Fire      44%        2x1d6     36%         1
 Poisonous Vapours        Pois/Air       28%        N/A       38%         2
 Cigotuvi's Dreadful Rot  Necr/Pois/Air  22%        N/A       50%         2
 Beastly Appendage        Tmut           14%        N/A       54%         1
 Freeze                   Ice            28%        1d5       54%         1
 Mephitic Cloud           Conj/Pois/Air  14%        N/A       56%         3
 Necrotise                Necr           24%        1d5       61%         1
 Vhi's Electric Charge    Tloc/Air       28%        N/A       61%         3
 Airstrike                Air            10%        2d(2-18)  67%         4
 Wereblood                Tmut           7%         N/A       69%         2
 Dazzling Flash           Conj/Hex       22%        N/A       71%         3
 Hailstorm                Conj/Ice       12%        3d5       71%         3
 Frozen Ramparts          Ice            14%        1d3       88%         3
 Inner Flame              Hex/Fire       7%         N/A       88%         3
 Spider Form              Tmut/Pois      7%         N/A       88%         3
 Vampiric Draining        Necr           6%         2d6       91%         3
 Flame Wave               Conj/Fire      11%        2d6       97%         4
 Iskenderun's Mystic Bla  Conj/Tloc      11%        2d4       97%         4
 Sticky Flame             Conj/Fire      11%        2d3       97%         4
 Arcjolt                  Conj/Air       9%         1d19      98%         5
 Agony                    Necr           6%         N/A       100%        5
 Fireball                 Conj/Fire      5%         3d5       100%        5
 Starburst                Conj/Fire      5%         6d4       100%        6
 Maxwell's Capacitive Co  Air            10%        ∞         100%        8


Dungeon Overview and Level Annotations

Branches:
Dungeon (15/15)            Temple (0/1) D:4            Lair (5/5) D:8
 Shoals (3/4) Lair:3       Spider (2/4) Lair:2        Slime (0/5) Lair:5
    Orc (2/2) D:12            Elf (2/3) Orc:2        Vaults (0/5) D:13
 Depths (0/4) D:15          IceCv (visited)

Altars:
Ashenzari
Fedhas
Gozag
Hepliaklqana
Kikubaaqudgha
Makhleb
Nemelex Xobeh
Okawaru
Ru
Sif Muna
Trog
Uskayaw
Wu Jian
Xom
Yredelemnul
Jiyva

Shops:
D:3 [   D:5 !   D:6 (   D:7 *   D:12 [   D:13 !   Orc:2 [*(:   Shoals:2 :

Annotations:
D:7 niangp's ghost, journeyman MiBe
D:13 Rupert
Elf:2 Roxanne


Innate Abilities, Weirdness & Mutations

You have a pair of large antennae on your head. (SInv)
You regenerate a lot of health from kills.
You sometimes gain power by taking damage.
You are mostly covered in razor-sharp scales. (AC +2, Slay +2)
You possess an exceptional clarity of mind.
You are frail. (-10% HP)
Your spells are a little harder to cast, but a little more powerful.


Message History

* * * LOW HITPOINT WARNING * * *
You block the redback's attack.
The entropy weaver hits you but does no damage.
You block the entropy weaver's attack.
The entropy weaver barely misses you. x2
You miss the redback.
The redback is moderately wounded.
The redback closely misses you.
The emperor scorpion closely misses you.
You block the emperor scorpion's attack.
The emperor scorpion misses you. The redback bites you.
* * * LOW HITPOINT WARNING * * *
The redback closely misses you.
You block the entropy weaver's attack. x2
The entropy weaver completely misses you.
The entropy weaver hits you but does no damage.
The emperor scorpion closely misses you.
The emperor scorpion claws you.
* * * LOW HITPOINT WARNING * * *
The emperor scorpion misses you.
You closely miss the redback.
The redback is moderately wounded.
The redback bites you!
* * * LOW HITPOINT WARNING * * *
You are lethally poisoned!
The redback poisons you! You block the redback's attack.
The entropy weaver closely misses you.
The entropy weaver completely misses you.
The entropy weaver hits you but does no damage.
You block the entropy weaver's attack. The redback bites you!
* * * LOW HITPOINT WARNING * * *
The emperor scorpion stings you but does no damage.
The emperor scorpion claws you.
* * * LOW HITPOINT WARNING * * *
The emperor scorpion claws you but does no damage.
You completely miss the redback.
The redback is moderately wounded.
* * * LOW HITPOINT WARNING * * *
You feel extremely sick.
The redback bites you but does no damage.
The redback bites you!
You die...

####....###...##.....#..###.#.###
##.#..###.#..##{...###....##### {
...>..#....###......#.........#
.....##....# ####..######....{#
.##..#....#####.####..........#
#######.....#....# #.............
# ##............#.......#.......
# #....†##...#ss##.....##..#####
# ##.....#...##@.##....# ..#....
##...###.###sB.#....#####....
###..######..#####.#..#:...#
##....# #..[.#..###........
##....## #...##......#..##..
#....## #....#.....#####...
#.....## ###......#### #...
#..#...# #.........# ##..
####...#####.^......# ##.


You could see an emperor scorpion, an entropy weaver and 2 redbacks.

Vanquished Creatures
  Aizul (Shoals:2)
  A ghost moth (Spider:1)
  An orc warlord (Orc:2)
  3 broodmothers
  Nessos (D:14)
  Azrael (Orc:1)
  A dire elephant (Lair:5)
  2 merfolk impalers (Shoals:1)
  12 hydras
  A centaur warrior (D:13)
  An alligator snapping turtle (Shoals:1)
  2 catoblepae
  16 dancing weapons
  4 two-headed ogres
  A radroach (Spider:1)
  5 boulder beetles
  11 death yaks
  4 orc high priests (Orc:2)
  2 merfolk aquamancers (Shoals:2)
  11 deep elf knights
  A sun demon (Lair:5)
  2 bog bodies (IceCv)
  A skeletal warrior (D:14)
  4 deep elf archers
  3 skysharks
  A flayed ghost (D:14)
  A sea snake (Shoals:1)
  2 orb spiders
  A steelbarb worm (Spider:1)
  A wizard (Lair:5)
  24 deep elf zephyrmancers
  3 orc knights
  22 deep elf pyromancers
  4 harpies (Shoals:2)
  Pikel (D:4)
  4 orc sorcerers
  6 wolf spiders
  2 oklob plants (Lair:2)
  18 ugly things
  3 cyclopes
  8 manticores
  2 fauns (Shoals:1)
  6 elephants
  A demonic crawler (Spider:1)
  7 black mambas
  A water nymph (Shoals:2)
  2 merfolk sirens
  Maurice (D:12)
  9 cane toads
  A gargoyle (D:12)
  Maggie (D:6)
  A cane toad (shapeshifter) (Elf:1)
  A torpor snail (Spider:1)
  Psyche (D:9)
  9 komodo dragons
  3 rime drakes
  An unseen horror (D:12)
  An efreet (D:15)
  An anaconda simulacrum (IceCv)
  4 kobold demonologists (D:11)
  2 unseen horror zombies (D:9)
  2 freezing wraiths
  4 yaktaurs
  3 wind drakes
  4 meliai
  2 ice devils
  6 merfolk
  A queen bee (Lair:3)
  A hornet (D:9)
  10 trolls
  9 tarantellas
  Grinder (D:6)
  2 polar bears (Lair:5)
  9 dream sheep
  13 blink frogs
  3 jumping spiders (Spider:1)
  6 snapping turtles
  8 culicivoras
  A vampire (D:10)
  A shadow (D:10)
  4 wraiths
  9 water elementals
  Sigmund (D:4)
  A wyvern (D:9)
  An air elemental (Elf:1)
  6 basilisks
  21 yaks
  5 fire elementals
  24 redbacks
  2 death yak simulacra (IceCv)
  7 steam dragons
  A warg (Orc:2)
  Duvessa (D:4)
  Edmund (D:4)
  15 water moccasins
  An acid dragon (Orc:2)
  7 hell hounds
  37 orc warriors
  7 black bears
  Pargi (D:2)
  2 sky beasts
  3 ice beasts (D:5)
  4 boggarts (D:14)
  10 ogres
  5 centaurs
  A lemure (D:3)
  15 wolves
  A phantom (D:5)
  4 kobold brigands
  2 earth elementals
  A two-headed ogre simulacrum (IceCv)
  2 scorpions (D:5)
  21 bullfrogs
  3 necrophages
  2 cane toad simulacra (IceCv)
  A wyvern zombie (D:9)
  4 wights (D:8)
  Dowan (D:4)
  41 killer bees
  2 elephant simulacra (IceCv)
  10 howler monkeys
  3 centaur zombies (D:9)
  22 orc priests
  3 hounds
  A gnoll bouda (D:8)
  4 jellies
  Ijyb (D:3)
  Terence (D:3)
  5 iguanas
  44 orc wizards
  5 hell rats
  5 spriggan simulacra (IceCv)
  2 polar bear simulacra (IceCv)
  7 troll simulacra (IceCv)
  2 wolf simulacra (IceCv)
  4 howler monkey zombies (D:9)
  Robin (D:2)
  7 naga simulacra (IceCv)
  15 adders
  10 gnolls
  A shadow imp (D:7)
  18 white imps
  11 ufetubi
  3 worms
  109 orcs
  14 endoplasms
  5 giant cockroaches
  18 goblins
  6 hobgoblins
  3 jackals (D:1)
  4 quokkas
  6 ball pythons
  7 bats
  2 frilled lizards
  18 kobolds
  10 rats
  A pillar of salt (Elf:2)
999 creatures vanquished.

Vanquished Creatures (others)
  A deep elf knight (Elf:1)
  A deep elf pyromancer (D:12)
  An orc priest (Orc:2)
  23 fungi
  3 pillars of salt (Elf:2)
  87 plants
116 creatures vanquished.

Grand Total: 1115 creatures vanquished

Notes
Turn   | Place    | Note
-------+----------+-------------------------------------------
     0 | D:1      | dialectric the Demonspawn Fighter began the quest for the
                  | Orb.
     0 | D:1      | Reached XP level 1. HP: 18/18 MP: 1/1
   128 | D:1      | Gained mutation: You are partially covered in razor-sharp
                  | scales. (AC +1, Slay +1) [demonic ancestry]
   128 | D:1      | Reached XP level 2. HP: 24/24 MP: 2/2
   413 | D:1      | Reached XP level 3. HP: 21/29 MP: 3/3
   800 | D:2      | Found a faded altar of an unknown god.
  1060 | D:2      | Noticed Robin
  1107 | D:2      | Killed Robin
  1108 | D:2      | Reached skill level 1 in Short Blades
  1111 | D:2      | Gained mutation: You regenerate a little health from kills.
                  | [demonic ancestry]
  1111 | D:2      | Reached XP level 4. HP: 20/34 MP: 4/4
  1201 | D:3      | Noticed Pargi
  1454 | D:2      | Reached skill level 1 in Dodging
  1720 | D:3      | Found Lavangon's Antique Armour Shoppe.
  1804 | D:4      | Reached XP level 5. HP: 39/41 MP: 5/5
  1945 | D:4      | Noticed Sigmund
  1948 | D:4      | Noticed a lemure
  1949 | D:4      | Noticed Pikel
  1950 | D:4      | Noticed a lemure
  1996 | D:3      | Killed a lemure
  2053 | D:2      | Killed Pargi
  2054 | D:2      | Reached XP level 6. HP: 45/48 MP: 6/6
  2204 | D:3      | Noticed Ijyb
  2210 | D:3      | Killed Ijyb
  2277 | D:3      | Noticed Terence
  2280 | D:3      | Found an iron altar of Okawaru.
  2286 | D:3      | Killed Terence
  2682 | D:3      | Became a worshipper of Warmaster Okawaru
  2728 | D:4      | Found an ornate altar of the Wu Jian Council.
  2737 | D:4      | Noticed Duvessa
  2737 | D:4      | Noticed Dowan
  2761 | D:4      | Killed Duvessa
  2762 | D:4      | Reached skill level 4 in Fighting
  2772 | D:4      | Gained mutation: You regenerate health from kills. [demonic
                  | ancestry]
  2772 | D:4      | Reached XP level 7. HP: 50/54 MP: 7/7
  2801 | D:4      | Killed Dowan
  2824 | D:4      | Noticed Edmund
  2834 | D:4      | Killed Edmund
  2834 | D:4      | Reached * piety under Okawaru
  2891 | D:4      | Killed Sigmund
  2892 | D:4      | Reached skill level 1 in Evocations
  2995 | D:4      | Identified the +5 spear "Uskanox" {pain, *Rage rF+ rC-
                  | Int+9}
  3120 | D:4      | Killed Pikel
  3121 | D:4      | Reached skill level 5 in Short Blades
  3121 | D:4      | Reached skill level 5 in Armour
  3121 | D:4      | Gained mutation: You have a pair of small antennae on your
                  | head. [demonic ancestry]
  3121 | D:4      | Reached XP level 8. HP: 33/61 MP: 8/8
  3522 | D:4      | Found a staircase to the Ecumenical Temple.
  3686 | D:4      | Gained mutation: Your spells are a little harder to cast,
                  | but a little more powerful. [potion of mutation]
  3686 | D:4      | Gained mutation: You possess an exceptional clarity of
                  | mind. [potion of mutation]
  3686 | D:4      | Gained mutation: You are frail. (-10% HP) [potion of
                  | mutation]
  3795 | D:5      | Entered Level 5 of the Dungeon
  3795 | D:5      | Found Ekoduuch's Distillery.
  3803 | D:5      | Bought a potion of heal wounds for 55 gold pieces
  3891 | D:5      | Found a sacrificial altar of Ru.
  3920 | D:5      | Reached ** piety under Okawaru
  3921 | D:5      | Reached skill level 5 in Fighting
  4016 | D:3      | Bought a pair of runed boots for 157 gold pieces
  4156 | D:3      | Found a bloodstained altar of Trog.
  4162 | D:3      | Found a burning altar of Makhleb.
  4797 | D:5      | Gained mutation: You sometimes gain a little power by
                  | taking damage. [demonic ancestry]
  4797 | D:5      | Reached XP level 9. HP: 52/61 MP: 9/9
  5002 | D:6      | Found Leozud's Weapon Boutique.
  5026 | D:6      | Bought 2 curare-tipped darts for 26 gold pieces
  5060 | D:6      | Noticed Maggie
  5076 | D:6      | Killed Maggie
  5122 | D:6      | Reached *** piety under Okawaru
  5247 | D:5      | Reached skill level 6 in Fighting
  5316 | D:6      | Found a shimmering altar of Xom.
  5639 | D:6      | Noticed Grinder
  5660 | D:6      | Killed Grinder
  5660 | D:6      | Received a gift from Okawaru
  5905 | D:7      | Identified the +0 ring mail "Elomei" {Will+ Dex+4}
  6100 | D:7      | Found an opulent altar of Gozag.
  6113 | D:7      | Reached **** piety under Okawaru
  6214 | D:7      | Gained mutation: You regenerate a lot of health from kills.
                  | [demonic ancestry]
  6214 | D:7      | Reached XP level 10. HP: 64/68 MP: 10/10
  6574 | D:7      | Found Ahuc's Mayhem Merchandise.
  6793 | D:8      | Noticed a two-headed ogre
  6995 | D:8      | Reached skill level 5 in Shields
  7041 | D:8      | Killed a two-headed ogre
  7320 | D:8      | Found a staircase to the Lair.
  7358 | D:8      | Learned a level 3 spell: Swiftness
  7427 | D:9      | Noticed a two-headed ogre
  8003 | D:8      | Received a gift from Okawaru
  8035 | D:10     | Entered Level 10 of the Dungeon
  8190 | D:10     | Reached skill level 1 in Invocations
  8594 | D:10     | Noticed a two-headed ogre
  8606 | D:10     | Killed a two-headed ogre
  8606 | D:10     | Reached ***** piety under Okawaru
  8607 | D:10     | Reached skill level 5 in Invocations
  8756 | D:10     | Found a hide-covered altar of Uskayaw.
  9090 | D:11     | Noticed a smoke demon
  9120 | D:11     | Noticed a soul eater
  9128 | D:11     | Gained mutation: You have a pair of antennae on your head.
                  | [demonic ancestry]
  9128 | D:11     | Reached XP level 11. HP: 71/74 MP: 14/14
  9256 | D:11     | Reached skill level 5 in Dodging
  9408 | D:11     | Reached skill level 7 in Fighting
  9412 | D:11     | Noticed a soul eater
  9416 | D:11     | Received a gift from Okawaru
  9559 | D:12     | Noticed a cyan ugly thing
  9566 | D:12     | Killed a cyan ugly thing
  9634 | D:12     | Reached skill level 8 in Fighting
  9756 | D:12     | Noticed a two-headed ogre
  9765 | D:12     | Killed a two-headed ogre
  9820 | D:12     | Identified the +1 leather armour "Ixiexkap" {Rampage rF+}
  9879 | D:12     | Found Feadowah's Armour Shoppe.
  9879 | D:12     | Found a staircase to the Orcish Mines.
  9883 | D:12     | Noticed a deep elf pyromancer
  9899 | D:12     | Killed a deep elf pyromancer
 10000 | D:12     | Noticed a green ugly thing
 10014 | D:12     | Killed a green ugly thing
 10040 | D:12     | Reached skill level 9 in Fighting
 10040 | D:12     | Reached skill level 1 in Stealth
 10095 | D:12     | Noticed a centaur warrior
 10165 | Orc:1    | Entered Level 1 of the Orcish Mines
 10184 | Orc:1    | Noticed an orc sorcerer
 10189 | Orc:1    | Killed an orc sorcerer
 10224 | Orc:1    | Noticed Maurice
 10241 | Orc:1    | Paralysed by something for 2 turns
 10976 | D:9      | Killed a two-headed ogre
 11078 | D:9      | Found a hazy altar of Hepliaklqana.
 11097 | D:9      | Noticed Psyche
 11108 | D:9      | Killed Psyche
 11141 | D:9      | Found a basalt altar of Yredelemnul.
 11331 | D:9      | Reached skill level 10 in Fighting
 11331 | D:9      | Reached XP level 12. HP: 87/87 MP: 15/15
 11431 | D:9      | Found a broken altar of Ashenzari.
 11636 | Lair:1   | Entered Level 1 of the Lair of Beasts
 11751 | Lair:1   | Received a gift from Okawaru
 11820 | Lair:1   | Reached skill level 10 in Short Blades
 12159 | Lair:3   | Noticed a death yak
 12159 | Lair:3   | Noticed a death yak
 12159 | Lair:3   | Noticed a death yak
 12159 | Lair:3   | Noticed a death yak
 12160 | Lair:3   | Noticed a death yak
 12184 | Lair:2   | Killed a death yak
 12211 | Lair:2   | Killed a death yak
 12839 | Lair:1   | Upgraded the game from 0.30-a0-779-g7971cf19c3 to
                  | 0.30-a0-782-ge64f9170bb
 12900 | Lair:2   | Killed a death yak
 12900 | Lair:2   | Identified the +3 buckler of Words of Power {rF+ Will+++
                  | Slay-2} (Okawaru gifted it to you on level 2 of the Lair of
                  | Beasts)
 12900 | Lair:2   | Received a gift from Okawaru
 12917 | Lair:2   | Killed a death yak
 12917 | Lair:2   | Reached ****** piety under Okawaru
 12940 | Lair:2   | Killed a death yak
 13104 | Lair:2   | Identified the +9 flail "Tarphe" {heavy, Fragile rElec
                  | Dex-3 SInv}
 13130 | Lair:2   | Found a blossoming altar of Fedhas.
 13265 | Lair:2   | Reached skill level 11 in Fighting
 13312 | Lair:2   | Found a hole to the Spider Nest.
 13474 | D:12     | Bought a +1 cloak of stealth for 198 gold pieces
 13496 | D:13     | Noticed a boulder beetle
 13523 | D:13     | Killed a boulder beetle
 13552 | D:13     | Found a gate to the Vaults.
 13552 | D:13     | Noticed a two-headed ogre
 13574 | D:13     | Noticed a six-headed hydra
 13584 | D:13     | Killed a six-headed hydra
 13588 | D:13     | Found a frozen archway.
 13664 | IceCv    | Entered an ice cave
 13985 | IceCv    | Identified the +4 flail of Kemma {heavy, rC- Int+3 Stlth+}
 14726 | IceCv    | Gained mutation: You have a pair of large antennae on your
                  | head. (SInv) [demonic ancestry]
 14726 | IceCv    | Reached XP level 13. HP: 59/95 MP: 16/16
 14904 | IceCv    | Reached skill level 10 in Armour
 15673 | D:13     | Noticed Rupert
 15949 | D:13     | Found Vecholl's Distillery.
 15957 | D:13     | Bought a potion of invisibility for 88 gold pieces
 16149 | Orc:1    | Paralysed by Maurice for 3 turns
 16193 | D:12     | Killed Maurice
 16446 | Orc:1    | Learned a level 5 spell: Lightning Bolt
 16867 | Orc:2    | Entered Level 2 of the Orcish Mines
 17255 | Orc:2    | Found a staircase to the Elven Halls.
 17427 | Orc:2    | Noticed an ettin
 17812 | Lair:2   | Identified the +2 pair of boots of the City {Will+ Slay+2}
                  | (Okawaru gifted it to you on level 2 of the Lair of Beasts)
 17812 | Lair:2   | Received a gift from Okawaru
 18477 | Lair:3   | Reached skill level 1 in Spellcasting
 18477 | Lair:3   | Reached skill level 1 in Air Magic
 19006 | Lair:3   | Found a staircase to the Shoals.
 19135 | Lair:3   | Found a runed translucent gate.
 19135 | Lair:3   | Found a runed translucent gate.
 19135 | Lair:3   | Found a runed translucent gate.
 19138 | Lair:3   | Noticed niangp's ghost (journeyman MiBe)
 19633 | Shoals:1 | Entered Level 1 of the Shoals
 19902 | Orc:2    | Identified a scroll of acquirement
 19902 | Orc:2    | Acquired 1062 gold pieces
 19977 | Orc:2    | an ettin changed into a broodmother
 19977 | Orc:2    | Noticed a broodmother
 20383 | Lair:4   | Reached XP level 14. HP: 46/101 MP: 11/17
 20423 | Lair:4   | Received a gift from Okawaru
 21008 | Lair:5   | Entered Level 5 of the Lair of Beasts
 21263 | Lair:5   | Reached skill level 12 in Fighting
 21313 | Lair:5   | Identified the +7 eveningstar of the Owl {venom, Will+
                  | Dex+2} (Okawaru gifted it to you on level 5 of the Lair of
                  | Beasts)
 21313 | Lair:5   | Received a gift from Okawaru
 22030 | Orc:2    | Killed a broodmother
 22052 | Elf:1    | Entered Level 1 of the Elven Halls
 22553 | Orc:2    | Noticed Azrael
 22676 | Orc:1    | Killed Azrael
 22826 | Orc:2    | Received a gift from Okawaru
 22834 | Orc:2    | Noticed an orc warlord
 22894 | Orc:2    | Killed an orc warlord
 23312 | Orc:2    | Found Qautoss's General Store.
 23313 | Orc:2    | Found Jajopom's Book Boutique.
 23315 | Orc:2    | Found Siemero's Antique Armour Shop.
 23315 | Orc:2    | Found Yzeuddola's Antique Weapon Shop.
 23331 | Orc:2    | Bought a scroll of acquirement for 780 gold pieces
 23371 | Orc:2    | Reached skill level 5 in Air Magic
 23620 | Orc:2    | Acquired the ring of Buhiwk {rC+ rCorr MP+9 Int+3}
 23655 | Orc:2    | Bought a pair of glowing gloves for 187 gold pieces
 24162 | Shoals:2 | Found an ancient bone altar of Kikubaaqudgha.
 24354 | Spider:1 | Entered Level 1 of the Spider Nest
 24375 | Spider:2 | Reached skill level 5 in Spellcasting
 24404 | Spider:1 | Reached XP level 15. HP: 95/109 MP: 22/22
 24542 | Spider:1 | Received a gift from Okawaru
 24543 | Spider:1 | Noticed an emperor scorpion
 24765 | Lair:5   | Found a viscous altar of Jiyva.
 24765 | Lair:5   | Found a staircase to the Slime Pits.
 25175 | Lair:5   | Reached skill level 13 in Fighting
 25222 | Lair:5   | Reached skill level 5 in Stealth
 25453 | Lair:5   | Found a burning altar of Makhleb.
 25738 | Spider:1 | Received a gift from Okawaru
 26153 | Spider:1 | HP: 2/111 [demonic crawler (13)]
 26896 | D:14     | You fall into a shaft and drop 1 floor!
 26896 | D:15     | Entered Level 15 of the Dungeon
 27333 | D:15     | Found a staircase to the Depths.
 27610 | D:14     | Noticed Nessos
 27643 | D:14     | Killed Nessos
 28774 | D:14     | Reached skill level 14 in Fighting
 29791 | Orc:2    | Reached skill level 1 in Conjurations
 30373 | Shoals:2 | Received a gift from Okawaru
 30435 | Shoals:2 | Found Laevowa's Book Shoppe.
 30525 | Shoals:1 | Reached skill level 10 in Dodging
 30605 | Shoals:1 | Identified the amulet of Setudita {Acrobat rElec rPois
                  | SInv}
 30695 | Shoals:1 | Gained mutation: You sometimes gain power by taking damage.
                  | [demonic ancestry]
 30695 | Shoals:1 | Reached XP level 16. HP: 96/119 MP: 26/26
 30701 | Shoals:1 | Noticed Aizul
 30746 | Shoals:2 | Killed Aizul
 31681 | Shoals:2 | Found a sparkling altar of Nemelex Xobeh.
 32010 | Lair:3   | Identified the +1 scale mail "Dynec" {Rampage +Blink MP-9}
                  | (Okawaru gifted it to you on level 3 of the Lair of Beasts)
 32010 | Lair:3   | Received a gift from Okawaru
 33691 | Elf:1    | Found a shimmering blue altar of Sif Muna.
 33708 | Elf:1    | Found a shimmering blue altar of Sif Muna.
 34086 | Elf:1    | Reached skill level 1 in Ranged Weapons
 34969 | Elf:1    | Paralysed by an air elemental for 1 turns
 35051 | Elf:2    | Noticed Roxanne
 35245 | Elf:1    | Identified the +2 robe "Arraj" {Contam Will++ Dex+2}
                  | (Okawaru gifted it to you on level 1 of the Elven Halls)
 35245 | Elf:1    | Received a gift from Okawaru
 35426 | Elf:2    | Found a runed translucent gate.
 35426 | Elf:2    | Found a runed translucent gate.
 35437 | Elf:2    | Found a runed translucent gate.
 36306 | Spider:1 | Gained mutation: You are mostly covered in razor-sharp
                  | scales. (AC +2, Slay +2) [demonic ancestry]
 36306 | Spider:1 | Reached XP level 17. HP: 123/126 MP: 30/30
 37186 | Spider:1 | HP: 5/126 [poisoned by a redback]
 37186 | Spider:1 | Mangled by a redback

Illustrated notes

Levels and vault maps discovered:
D:1:      giann_horns, layout_rooms
D:2:      layout_basic, basic_ecumenical_altar, uniq_robin
D:3:      layout_basic, amcnicky_altar_gilded, minitemple, serial_shops,
          nicolae_lakefront_shop, uniq_pargi, uniq_ijyb, uniq_terence
D:4:      layout_basic, mainiacjoe_overflow_concentric_impassable,
          corexii_item_surrounded_by_moat, uniq_duvessa, uniq_edmund,
          uniq_pikel, uniq_sigmund
D:5:      layout_cave_pods, nicolae_overflow_squiral, serial_shops, shop,
          nicolae_figureground_sparkle
D:6:      layout_gridville, mainiacjoe_overflow_boulevard,
          nicolae_stop_n_shop_2, minmay_fractal_squares_diagonal_5, uniq_maggie,
          uniq_grinder
D:7:      layout_gridville, lemuel_tele_altar, hangedman_abyss_or_decor_stabs,
          minmay_shop_mayhem
D:8:      layout_loops_cross, mainiacjoe_overflow_24_doors, lair_entry_dummy
D:9:      layout_rooms, lemuel_crystal_altar, nicolae_overflow_crystal_walls,
          nicolae_yredelemnul_corpse_copse, kennysheep_mini_moat,
          lemuel_flamethrower_2, uniq_psyche
D:10:     layout_roguey, kennysheep_little_box, minmay_door_square
D:11:     layout_loops_ring, special_room [special_room_orc]
D:12:     layout_basic, orc_david_3, centaur_isle
D:13:     layout_long_grid, david_vaults_1, serial_shops, shop,
          portal_ice_cave_entry_imps, minmay_holes, uniq_rupert
D:14:     layout_basic, uniq_nessos
D:15:     gammafunk_depths_entry_grave, layout_irregular_city,
          lemuel_blue_sif_altar, serial_column_ruins, column_ruins_hut,
          column_ruins_open_tiny, column_ruins_columns_straight,
          column_ruins_grid_1, column_ruins_open_tiny, column_ruins_open_tiny,
          column_ruins_columns_corner, minmay_misc_feat_room,
          chequers_serial_rivers_room_a
Lair:1:   layout_regular_city, nicolae_lair_grove_arrangements,
          beast_lair_carwin_8
Lair:2:   layout_regular_city, nicolae_spider_entry_orb_guardian,
          hangedman_tree_tricks
Lair:3:   regret_index_wax_grids, layout_gridlike, minmay_shoals_entry_beasts,
          gammafunk_ghost_hydra_chop, minivault_26
Lair:4:   layout_regular_city, lemuel_fruit_tree
Lair:5:   evil_forest, layout_regular_city, nicolae_slime_entry_slimehenge,
          grunt_forest_small_clearings, st_stairs_5
Shoals:1: layout_shoals, uniq_aizul
Shoals:2: nicolae_shoals_mermall, layout_shoals, serial_shops,
          nicolae_take_the_stairs, hangedman_feature_mirror
Shoals:3: layout_shoals, nicolae_shoals_gull_way, uniq_ilsuiw
Spider:1: layout_spider_delve
Spider:2: layout_spider_delve
Orc:1:    minmay_goldmine, layout_caves, minmay_orc_temple_a, uniq_maurice
Orc:2:    st_orc_congregation, layout_diamond_mine, uniq_azrael
Elf:1:    elf_arrival_002, layout_gridlike, basic_altar,
          hangedman_elven_crosses_minicolossus, lemuel_statue_altar,
          grunt_megastairs_3
Elf:2:    elven_hall_of_blades_hangedman_original
          [nicolae_blade_entry_pointy_end], layout_loops_ring,
          portal_desolation_entry_garden, uniq_roxanne

Skill      XL: |  1  2  3  4  5  6  7  8  9 10 11 12 13 14 15 16 17 |
---------------+----------------------------------------------------+-----
Long Blades    | 2 |  2.5
Armour         | 3 4 5 6 7 8 9 10 11 12 | 12.6
Shields        | 3 4 6 7 9 |  9.2
Short Blades   | 1 2 3 5 6 9 11 | 11.2
Dodging        | 1 2 3 4 6 7 8 10 12 | 12.3
Fighting       | 4 5 6 10 11 12 14 | 14.5
Evocations     | 2 3 4 |  4.1
Invocations    | 5 |  5.0
Stealth        | 1 2 4 5 |  5.6
Spellcasting   | 2 5 7 9 |  9.0
Air Magic      | 2 5 |  5.0
Conjurations   | 1 2 3 |  3.4
Ranged Weapons | 4 |  4.2
Axes           | |  0.2
Maces & Flails | |  0.2
Polearms       | |  0.6
Staves         | |  0.6
Unarmed Combat | |  0.3
Hexes          | |  0.4
Summonings     | |  0.6
Translocations | |  0.3
Transmutations | |  0.3
Fire Magic     | |  0.3
Ice Magic      | |  0.4
Earth Magic    | |  0.3
Poison Magic   | |  0.4

Action                     |  1- 3 |  4- 6 |  7- 9 | 10-12 | 13-15 | 16-18 || total
---------------------------+-------+-------+-------+-------+-------+-------++-------
  Melee: Long sword        |    39 |       |       |       |       |       ||    39
         Dagger            |    51 |       |       |       |       |       ||    51
         Short sword       |    33 |   119 |   339 |  1110 |  1196 |       ||  2797
         Punch             |       |       |     8 |     2 |       |       ||    10
         Quick blade       |       |       |       |       |  1873 |  1494 ||  3367
         Demon blade       |       |       |       |       |       |   104 ||   104
  Throw: Dart              |       |       |       |    23 |    11 |       ||    34
         Throwing net      |       |       |       |     1 |       |       ||     1
   Cast: Swiftness         |       |       |       |       |     1 |     2 ||     3
 Invoke: Heroism           |       |       |       |     3 |     6 |     8 ||    17
         Finesse           |       |       |       |       |     2 |       ||     2
  Evoke: Wand              |       |     1 |    20 |    50 |    42 |    12 ||   125
         Piece from Xom's  |       |       |       |       |       |     1 ||     1
    Use: Potion            |       |     2 |     1 |     9 |    13 |     1 ||    26
         Scroll            |       |       |     8 |     6 |    22 |     4 ||    40
   Stab: Sleeping          |       |       |     1 |    11 |    30 |     6 ||    48
         Distracted        |       |       |       |     3 |     3 |     3 ||     9
         Held in net/web   |       |       |       |     1 |       |       ||     1
         Invisible         |       |       |       |     1 |     5 |       ||     6
         Petrified         |       |       |       |       |     3 |       ||     3
         Paralysed         |       |       |       |       |       |     1 ||     1
 Armour: Scale mail        |    67 |    57 |    48 |       |       |       ||   172
         Steam dragon scal |       |       |    88 |    28 |       |       ||   116
         Shadow dragon sca |       |       |       |   415 |   792 |   360 ||  1567
         Skin              |       |       |       |     9 |       |       ||     9
  Dodge: Dodged            |    71 |    43 |   182 |   479 |  1335 |   732 ||  2842
  Block: Buckler           |       |       |       |   182 |   832 |   363 ||  1377

Table legend: (Time is in decaauts)
 A = Elapsed time spent in this place.
 B = Non-inter-level travel time spent in this place.
 C = Inter-level travel time spent in this place.
 D = Time resting spent in this place.
 E = Time spent auto-exploring this place.
 F = Levels seen in this place.
 G = Mean time per level.
                   A        B        C        D        E       F      G
               +--------+--------+--------+--------+--------+-----+--------+
         Total |  34042 |  30621 |   3421 |   4147 |  15612 |  30 | 1134.7 |
       Dungeon |  16054 |  14039 |   2015 |   2060 |   8168 |  15 | 1070.3 |
          Lair |   6757 |   5922 |    835 |    276 |   3284 |   5 | 1351.4 |
        Shoals |   1915 |   1840 |     75 |    181 |    575 |   3 |  638.3 |
   Spider Nest |   1636 |   1553 |     83 |    318 |    508 |   2 |  818.0 |
  Orcish Mines |   3759 |   3533 |    226 |    916 |   1340 |   2 | 1879.5 |
   Elven Halls |   2413 |   2227 |    186 |    248 |    992 |   2 | 1206.5 |
      Ice Cave |   1505 |   1505 |      0 |    148 |    744 |   1 | 1505.0 |
               +--------+--------+--------+--------+--------+-----+--------+

Top non-repeatable levels by time:
   Orc:2: 2250 daAuts
    D:14: 2038 daAuts
  Lair:3: 1721 daAuts
     D:4: 1624 daAuts
Spider:1: 1614 daAuts
   Elf:1: 1587 daAuts
   Orc:1: 1509 daAuts
   IceCv: 1505 daAuts
  Lair:2: 1338 daAuts
     D:8: 1295 daAuts
    D:12: 1287 daAuts
  Lair:4: 1287 daAuts
    D:10: 1272 daAuts
  Lair:5: 1262 daAuts
Shoals:1: 1221 daAuts
